3AAA
WILMINGTON BAY HAWKS @ SIOUX FALLS RED PANDAS
09/14/2023
 
TOP OF THE 1ST
Wilmington Bay Hawks batting - Pitching for Sioux Falls Red Pandas : RHP Jim Unknown
Pitching: RHP Jim Unknown
Batting: RHB José Ramos 0-0: Ball
1-0: Called Strike
1-1: Ball
2-1: Ball
3-1: SINGLE (Flyball, 8LS)
Batting: RHB Daniel Cooper 0-0: Ball
1-0: Swinging Strike
1-1: Ball
2-1: Grounds into double play, 5-4-3 (Groundball, 56)
Batting: LHB Steve Grimes 0-0: Foul Ball, location: 2F
0-1: Ball
1-1: Foul Ball, location: 2F
1-2: Ball
2-2: Ball
3-2: Strikes out swinging
Top of the 1st over - 0 run(s), 1 hit(s), 0 error(s), 0 left on base; Wilmington 0 - Sioux Falls 0
BOTTOM OF THE 1ST
Sioux Falls Red Pandas batting - Pitching for Wilmington Bay Hawks : RHP Seong-rae Park
Pitching: RHP Seong-rae Park
Batting: SHB Tsing Guao 0-0: Foul Ball, location: 2F
0-1: Ball
1-1: Swinging Strike
1-2: Ball
2-2: Foul Ball, location: 2F
2-2: Strikes out looking
Batting: LHB Qi-zhen Loong 0-0: Ball
1-0: Ball
2-0: Ground out U3 (Groundball, 3S)
Batting: LHB Tim Waters 0-0: Ball
1-0: Foul Ball, location: 2F
1-1: Foul Ball, location: 2F
1-2: Foul Ball, location: 2F
1-2: Ball
2-2: Ground out 5-3 (Groundball, 56)
Bottom of the 1st over - 0 run(s), 0 hit(s), 0 error(s), 0 left on base; Wilmington 0 - Sioux Falls 0
TOP OF THE 2ND
Wilmington Bay Hawks batting - Pitching for Sioux Falls Red Pandas : RHP Jim Unknown
Batting: RHB Phil Terry 0-0: Ball
1-0: Ground out 6-3 (Groundball, 56)
Batting: RHB Bob McNeil 0-0: Ball
1-0: Foul Ball, location: 2F
1-1: Ball
2-1: Fly out, F6 (Popup, 6S)
Batting: RHB Miguel Angel González 0-0: Ball
1-0: Foul Ball, location: 2F
1-1: Ball
2-1: Called Strike
2-2: Strikes out swinging
Top of the 2nd over - 0 run(s), 0 hit(s), 0 error(s), 0 left on base; Wilmington 0 - Sioux Falls 0
BOTTOM OF THE 2ND
Sioux Falls Red Pandas batting - Pitching for Wilmington Bay Hawks : RHP Seong-rae Park
Batting: LHB António González 0-0: Ball
1-0: Foul Ball, location: 2F
1-1: Foul Ball, location: 2F
1-2: Strikes out swinging
Batting: RHB Jeremy Murphy 0-0: Ball
1-0: Called Strike
1-1: Swinging Strike
1-2: Foul Ball, location: 2F
1-2: Ball
2-2: Strikes out swinging
Batting: LHB Felipe Trujillo 0-0: Fly out, F9 (Flyball, 9M)
Bottom of the 2nd over - 0 run(s), 0 hit(s), 0 error(s), 0 left on base; Wilmington 0 - Sioux Falls 0
TOP OF THE 3RD
Wilmington Bay Hawks batting - Pitching for Sioux Falls Red Pandas : RHP Jim Unknown
Batting: RHB Pedro Clemente 0-0: Called Strike
0-1: Foul Ball, location: 2F
0-2: Ball
1-2: Ball
2-2: Strikes out looking
Batting: RHB Broderick Terry 0-0: SINGLE (Groundball, 6MD)
Batting: LHB Phil Parkinson 0-0: Called Strike
0-1: Ball
1-1: Ball
2-1: Ball
3-1: Base on Balls
Broderick Terry to second
Batting: RHB José Ramos 0-0: Ball
1-0: Ball
2-0: Ball
3-0: Called Strike
3-1: Fielders Choice at 2nd, 6-4 (Groundball, 6M)
Broderick Terry to third
Now at 2B: Jorge Rivera
Batting: RHB Daniel Cooper 0-0: Called Strike
0-1: Ball
1-1: Ball
2-1: Fly out, F3 (Popup, 3S)
Top of the 3rd over - 0 run(s), 1 hit(s), 0 error(s), 2 left on base; Wilmington 0 - Sioux Falls 0
BOTTOM OF THE 3RD
Sioux Falls Red Pandas batting - Pitching for Wilmington Bay Hawks : RHP Seong-rae Park
Batting: RHB Jorge Rivera 0-0: Swinging Strike
0-1: SINGLE (Line Drive, 89S)
Batting: RHB Javier Rivera 0-0: Ball
1-0: Ball
2-0: Ball
3-0: Base on Balls
Jorge Rivera to second
Batting: RHB Arturo Maldonado 0-0: Ball
1-0: Called Strike
1-1: Ball
2-1: Fly out, F9 (Popup, 4D)
Batting: SHB Tsing Guao 0-0: Ball
1-0: Ball
2-0: Foul Ball, location: 2F
2-1: Swinging Strike
2-2: Ball
3-2: Foul Ball, location: 2F
3-2: Fly out, F7 (Flyball, 78S)
Batting: LHB Qi-zhen Loong 0-0: Ball
1-0: Ball
2-0: Ground out 5-3 (Groundball, 56)
Bottom of the 3rd over - 0 run(s), 1 hit(s), 0 error(s), 2 left on base; Wilmington 0 - Sioux Falls 0
TOP OF THE 4TH
Wilmington Bay Hawks batting - Pitching for Sioux Falls Red Pandas : RHP Jim Unknown
Batting: LHB Steve Grimes 0-0: Foul Ball, location: 2F
0-1: Ball
1-1: Foul Ball, location: 2F
1-2: Foul Ball, location: 2F
1-2: Ball
2-2: Foul Ball, location: 2F
2-2: Ground out 4-3 (Groundball, 4)
Batting: RHB Phil Terry 0-0: Ball
1-0: Ground out 5-3 (Groundball, 5)
Batting: RHB Bob McNeil 0-0: Foul Ball, location: 2F
0-1: Ball
1-1: Swinging Strike
1-2: Fly out, F9 (Flyball, 9LM)
Top of the 4th over - 0 run(s), 0 hit(s), 0 error(s), 0 left on base; Wilmington 0 - Sioux Falls 0
BOTTOM OF THE 4TH
Sioux Falls Red Pandas batting - Pitching for Wilmington Bay Hawks : RHP Seong-rae Park
Batting: LHB Tim Waters 0-0: Ball
1-0: Called Strike
1-1: Ball
2-1: Swinging Strike
2-2: Foul Ball, location: 2F
2-2: Ball
3-2: Base on Balls
Batting: LHB António González 0-0: Ball
1-0: Swinging Strike
1-1: Ball
2-1: SINGLE (Line Drive, 9S)
Tim Waters to second
Batting: RHB Jeremy Murphy 0-0: Ball
1-0: Called Strike
1-1: Called Strike
1-2: Ball
2-2: SINGLE (Groundball, 56)
Tim Waters to third
António González to second
Runner from 3rd tries for Home, SAFE, no throw or cutoff
Batting: LHB Felipe Trujillo 0-0: Ball
1-0: Ball
2-0: Called Strike
2-1: Foul Ball, location: 2F
2-2: Ball
3-2: Base on Balls
António González to third
Jeremy Murphy to second
Batting: RHB Jorge Rivera 0-0: Foul Ball, location: 2F
0-1: Ball
1-1: Ball
2-1: Grounds into fielders choice 1-2 (Groundball, 13)
Jeremy Murphy to third
Felipe Trujillo to second
Batting: RHB Javier Rivera 0-0: Called Strike
0-1: Called Strike
0-2: Ball
1-2: Foul Ball, location: 2F
1-2: Ball
2-2: Strikes out swinging
Batting: RHB Arturo Maldonado 0-0: SINGLE (Line Drive, 6MD)
Jeremy Murphy scores
Felipe Trujillo to third
Jorge Rivera to second
Runner from 3rd tries for Home, SAFE, no throw or cutoff
Batting: SHB Tsing Guao 0-0: Ball
1-0: Fly out, F9 (Flyball, 89D)
Bottom of the 4th over - 3 run(s), 3 hit(s), 0 error(s), 2 left on base; Wilmington 0 - Sioux Falls 3
TOP OF THE 5TH
Wilmington Bay Hawks batting - Pitching for Sioux Falls Red Pandas : RHP Jim Unknown
Batting: RHB Miguel Angel González 0-0: Called Strike
0-1: Swinging Strike
0-2: Ball
1-2: Ground out 4-3 (Groundball, 13)
Batting: RHB Pedro Clemente 0-0: Called Strike
0-1: DOUBLE (Line Drive, 8RXD)
Batting: RHB Broderick Terry 0-0: Ball
1-0: Swinging Strike
1-1: Called Strike
1-2: Foul Ball, location: 2F
1-2: Foul Ball, location: 2F
1-2: Ball
2-2: Foul Ball, location: 2F
2-2: Fly out, F9 (Flyball, 89M)
Batting: LHB Phil Parkinson 0-0: Ball
1-0: Ball
2-0: Called Strike
2-1: Fly out, F6 (Popup, 8LS)
Top of the 5th over - 0 run(s), 1 hit(s), 0 error(s), 1 left on base; Wilmington 0 - Sioux Falls 3
BOTTOM OF THE 5TH
Sioux Falls Red Pandas batting - Pitching for Wilmington Bay Hawks : RHP Seong-rae Park
Batting: LHB Qi-zhen Loong 0-0: Called Strike
0-1: Foul Ball, location: 2F
0-2: Hit by Pitch
Batting: LHB Tim Waters 0-0: Called Strike
0-1: Foul Ball, location: 2F
0-2: Ball
1-2: Strikes out swinging
Batting: LHB António González 0-0: Foul Ball, location: 2F
0-1: Swinging Strike
0-2: Hit by Pitch
Qi-zhen Loong to second
Batting: RHB Jeremy Murphy 0-0: Called Strike
0-1: Ball
1-1: Swinging Strike
1-2: Ball
2-2: Strikes out swinging
Batting: LHB Felipe Trujillo 0-0: Ball
1-0: Ball
2-0: Ball
3-0: Base on Balls
Qi-zhen Loong to third
António González to second
Batting: RHB Jorge Rivera 0-0: Ball
1-0: Foul Ball, location: 2F
1-1: Ball
2-1: Foul Ball, location: 2F
2-2: SINGLE (Flyball, 9LS)
Qi-zhen Loong scores
António González to third
Felipe Trujillo to second
Throwing error, E9
António González scores
Felipe Trujillo to third
Jorge Rivera to second
Batting: RHB Javier Rivera 0-0: Ball
1-0: Ball
2-0: Fly out, F9 (Line Drive, 9S)
Bottom of the 5th over - 2 run(s), 1 hit(s), 1 error(s), 2 left on base; Wilmington 0 - Sioux Falls 5
TOP OF THE 6TH
Wilmington Bay Hawks batting - Pitching for Sioux Falls Red Pandas : RHP Jim Unknown
Batting: RHB José Ramos 0-0: Ball
1-0: Ball
2-0: Ball
3-0: Base on Balls
Batting: RHB Daniel Cooper 0-0: Called Strike
0-1: Swinging Strike
0-2: SINGLE (Flyball, 89S)
José Ramos to second
Runner from 2nd tries for 3rd, SAFE, throw made to third
Batting: LHB Steve Grimes 0-0: Foul Ball, location: 2F
0-1: Ball
1-1: Ball
2-1: Called Strike
2-2: Ball
3-2: Fly out, F8 (Flyball, 8LM)
Runner from 3rd tags up, SCORES, no throw
Batting: RHB Phil Terry 0-0: Ball
1-0: Grounds into double play, 4-6-3 (Groundball, 4)
Top of the 6th over - 1 run(s), 1 hit(s), 0 error(s), 0 left on base; Wilmington 1 - Sioux Falls 5
BOTTOM OF THE 6TH
Sioux Falls Red Pandas batting - Pitching for Wilmington Bay Hawks : RHP Seong-rae Park
Batting: RHB Arturo Maldonado 0-0: Called Strike
0-1: Ball
1-1: Foul Ball, location: 2F
1-2: Strikes out swinging
Batting: SHB Tsing Guao 0-0: Fly out, F8 (Flyball, 8LS)
Batting: LHB Qi-zhen Loong 0-0: Ball
1-0: Called Strike
1-1: Ground out 6-3 (Groundball, 6M)
Bottom of the 6th over - 0 run(s), 0 hit(s), 0 error(s), 0 left on base; Wilmington 1 - Sioux Falls 5
TOP OF THE 7TH
Wilmington Bay Hawks batting - Pitching for Sioux Falls Red Pandas : RHP Jim Unknown
Batting: RHB Bob McNeil 0-0: Swinging Strike
0-1: Foul Ball, location: 2F
0-2: Ball
1-2: Strikes out swinging
Batting: RHB Miguel Angel González 0-0: Swinging Strike
0-1: Ground out 1-3 (Groundball, 13)
Batting: RHB Pedro Clemente 0-0: Ball
1-0: Called Strike
1-1: Foul Ball, location: 2F
1-2: Ball
2-2: Strikes out swinging
Top of the 7th over - 0 run(s), 0 hit(s), 0 error(s), 0 left on base; Wilmington 1 - Sioux Falls 5
BOTTOM OF THE 7TH
Sioux Falls Red Pandas batting - Pitching for Wilmington Bay Hawks : RHP Seong-rae Park
Pitching: RHP Juan Valentín
Batting: LHB Tim Waters 0-0: Ball
1-0: Ball
2-0: Ball
3-0: Base on Balls
Batting: LHB António González 0-0: Called Strike
0-1: Foul Ball, location: 2F
0-2: Ball
1-2: Ball
2-2: Foul Ball, location: 2F
2-2: Grounds into double play, 4-6-3 (Groundball, 34)
Batting: RHB Jeremy Murphy 0-0: Ball
1-0: Ground out 6-3 (Groundball, 6M)
Bottom of the 7th over - 0 run(s), 0 hit(s), 0 error(s), 0 left on base; Wilmington 1 - Sioux Falls 5
TOP OF THE 8TH
Wilmington Bay Hawks batting - Pitching for Sioux Falls Red Pandas : RHP Jim Unknown
Batting: RHB Broderick Terry 0-0: Swinging Strike
0-1: Fly out, F6 (Line Drive, 6)
Batting: LHB Phil Parkinson 0-0: Ball
1-0: Called Strike
1-1: Foul Ball, location: 2F
1-2: Ball
2-2: Foul Ball, location: 2F
2-2: Strikes out swinging
Batting: RHB José Ramos 0-0: Ground out 5-3 (Groundball, 5S)
Top of the 8th over - 0 run(s), 0 hit(s), 0 error(s), 0 left on base; Wilmington 1 - Sioux Falls 5
BOTTOM OF THE 8TH
Sioux Falls Red Pandas batting - Pitching for Wilmington Bay Hawks : RHP Juan Valentín
Batting: LHB Felipe Trujillo 0-0: Ball
1-0: Fly out, F7 (Flyball, 7M)
Batting: RHB Jorge Rivera 0-0: Ball
1-0: Ball
2-0: Ball
3-0: Base on Balls
Batting: RHB Javier Rivera 0-0: Swinging Strike
0-1: Ball
1-1: Ball
Jorge Rivera is caught stealing 2nd base
2-1: Ground out 6-3 (Groundball, 6M)
Bottom of the 8th over - 0 run(s), 0 hit(s), 0 error(s), 0 left on base; Wilmington 1 - Sioux Falls 5
TOP OF THE 9TH
Wilmington Bay Hawks batting - Pitching for Sioux Falls Red Pandas : RHP Jim Unknown
Pitching: RHP Esteban Ruíz
Batting: RHB Daniel Cooper 0-0: Called Strike
0-1: Ball
1-1: Called Strike
1-2: Strikes out swinging
Batting: LHB Steve Grimes 0-0: Ball
1-0: Ball
2-0: Called Strike
2-1: Ball
3-1: Base on Balls
Batting: RHB Phil Terry 0-0: Fly out, F7 (Flyball, 7S)
Batting: RHB Bob McNeil 0-0: Swinging Strike
0-1: Ball
1-1: Swinging Strike
1-2: Ball
2-2: Foul Ball, location: 2F
2-2: Foul Ball, location: 2F
2-2: Ball
3-2: Foul Ball, location: 2F
3-2: Foul Ball, location: 2F
3-2: Base on Balls
Steve Grimes to second
Pitching: RHP Sixto Palaeios
Batting: RHB Miguel Angel González 0-0: Ball
1-0: Ball
2-0: Called Strike
2-1: Swinging Strike
2-2: Ball
3-2: Ground out 6-3 (Groundball, 6M)
Top of the 9th over - 0 run(s), 0 hit(s), 0 error(s), 2 left on base; Wilmington 1 - Sioux Falls 5
This league is powered by Out of the Park Baseball, the baseball management simulation game for PC, Mac and Linux
Friday, July 8th, 2016 - OOTP Baseball 16.9 Build 39